 Dungeon Crawl Stone Soup version 0.31-a0-1616-gbeaec30b81 (console) character file.

Game seed: 14687756249739662365

53 jejorda2 the Chopper (level 3, -1/52 HPs)
             Began as a Gnoll Berserker on Jan 10, 2024.
             Was a Believer of Trog.
             Shot with an arrow by a centaur (9 damage)
             ... on level 3 of the Dungeon.
             The game lasted 00:03:45 (1936 turns).

jejorda2 the Chopper (Gnoll Berserker)              Turns: 1936, Time: 00:03:52

Health: -1/52      AC: 12    Str: 18    XL:     3   Next: 87%
Magic:  4/4        EV: 10    Int:  6    God:    Trog [**....]
Gold:   174        SH:  0    Dex: 17    Spells: 4/4 levels left

rFire   . . .        b - +0 dire flail
rCold   . . .        (shield currently unavailable)
rNeg    . . .        g - +0 chain mail
rPois   .            (no helmet)
rElec   .            (no cloak)
rCorr   .            f - +0 pair of gloves
SInv    .            c - +0 pair of boots
Will    ++...        (no amulet) Stlth
                     k - +6 ring of dexterity
HPRegen 1.28/turn    (no ring)
MPRegen 0.09/turn

%: no passive effects
@: berserking, strong-willed, regenerating, very quick
A: fangs 1, strong nose, distributed training
a: Renounce Religion, Berserk, Trog's Hand


You were on level 3 of the Dungeon.
You worshipped Trog.
Trog was pleased with you.
You visited 1 branch of the dungeon, and saw 3 of its levels.

You collected 174 gold pieces.

Inventory:

Hand Weapons
 a - a +0 hand axe
 b - a +0 dire flail (weapon)
Armour
 c - a +0 pair of boots (worn)
 f - a +0 pair of gloves (worn)
 g - a +0 chain mail (worn)
Jewellery
 k - a +6 ring of dexterity (left hand)
Scrolls
 d - a scroll of teleportation {unknown}
 h - a scroll of immolation {unknown}
 m - a scroll of fog {unknown}
 n - a scroll of noise {unknown}
Potions
 e - 2 potions of attraction {unknown}
 i - a potion of curing {unknown}
 j - a potion of berserk rage {unknown}
 l - a potion of resistance {unknown}


   Skills:
 + Level 6.5 Fighting
 + Level 1.0 Short Blades
 + Level 1.0 Long Blades
 + Level 6.5 Axes
 + Level 1.0 Maces & Flails
 + Level 1.0 Polearms
 + Level 1.0 Staves
 + Level 1.0 Ranged Weapons
 + Level 1.0 Throwing
 + Level 4.6 Armour
 + Level 4.6 Dodging
 + Level 1.0 Stealth
 + Level 1.0 Shields
 + Level 1.0 Unarmed Combat
 + Level 1.0 Spellcasting
 + Level 0.7 Conjurations
 + Level 0.7 Hexes
 + Level 0.7 Summonings
 + Level 0.7 Necromancy
 + Level 0.7 Translocations
 + Level 0.7 Fire Magic
 + Level 0.7 Ice Magic
 + Level 0.7 Air Magic
 + Level 0.7 Earth Magic
 + Level 0.7 Alchemy
 + Level 1.1 Invocations
 + Level 1.0 Evocations
 + Level 0.9 Shapeshifting


You had 4 spell levels left.
You didn't know any spells.
Your spell library was empty.

Dungeon Overview and Level Annotations

Branches:
Dungeon (3/15)

Altars:


Innate Abilities, Weirdness & Mutations

You have very sharp teeth.
Your uncanny sense of smell can sniff out nearby items.
Your experience applies equally to all skills.


Message History

No target in view!
You now have 157 gold pieces (gained 9).
A goblin comes into view. It is wielding a +0 dagger.
The goblin shouts!
The goblin barely misses you.
You closely miss the goblin. The goblin hits you with a +0 dagger.
You miss the goblin.
The goblin hits you but does no damage. x2
You sock the goblin!
You kill the goblin!
Trog accepts your kill.
No target in view!
HP restored.
You now have 174 gold pieces (gained 17).
A centaur comes into view.
The centaur shouts!
You hear a shout!
The centaur wields a +0 orcbow.
The centaur shoots an arrow.
The arrow hits you!
A kobold comes into view. It is wielding a +0 club.
Unknown command.
The centaur shoots an arrow.
The arrow closely misses you.
The centaur shoots an arrow.
The arrow hits you!
The centaur shoots an arrow.
The arrow hits you!
* * * LOW HITPOINT WARNING * * *
Your skin crawls.
You feel strong-willed. The kobold hits you but does no damage.
You barely miss the kobold. The kobold hits you but does no damage.
A red film seems to cover your vision as you go berserk!
You feel yourself moving faster!
You feel mighty! The kobold hits you with a +0 club.
You closely miss the kobold. The kobold hits you with a +0 club.
You closely miss the kobold. The kobold barely misses you.
You completely miss the kobold. You sock the kobold!
You kill the kobold!
Trog accepts your kill.
The centaur shoots an arrow.
The arrow hits you!
* * * LOW HITPOINT WARNING * * *
The centaur shoots an arrow.
The arrow hits you!
You die...

#............#
#####.#####.###...#
....#.####..## ..#
.............##.#..
....................
.............##.##..
.......c###### #
....?##)### ....
#@..# .. ###..# ∆
#.... ##.## #


You could see a centaur.

Vanquished Creatures
  2 dart slugs
  A ribbon worm (D:2)
  4 ball pythons
  3 bats
  3 endoplasms
  A giant cockroach (D:1)
  4 goblins
  3 hobgoblins (D:1)
  12 kobolds
  5 quokkas
  3 frilled lizards
  3 rats (D:1)
44 creatures vanquished.

Notes
Turn   | Place    | Note
-------+----------+-------------------------------------------
     0 | D:1      | jejorda2 the Gnoll Berserker began the quest for the Orb.
     0 | D:1      | Reached XP level 1. HP: 23/23 MP: 1/1
   135 | D:1      | Reached XP level 2. HP: 17/29 MP: 2/2
   228 | D:1      | Found a faded altar of an unknown god.
   422 | D:1      | Reached XP level 3. HP: 35/35 MP: 3/3
  1002 | D:2      | Reached skill level 1 in Invocations
  1127 | D:2      | Reached ** piety under Trog
  1314 | D:2      | Identified the +7 dagger of the Iron City of Dis {heavy,
                  | Int+3}
  1390 | D:2      | Reached skill level 1 in Short Blades
  1390 | D:2      | Reached skill level 1 in Long Blades
  1390 | D:2      | Reached skill level 1 in Maces & Flails
  1390 | D:2      | Reached skill level 1 in Polearms
  1390 | D:2      | Reached skill level 1 in Staves
  1390 | D:2      | Reached skill level 1 in Ranged Weapons
  1390 | D:2      | Reached skill level 1 in Throwing
  1390 | D:2      | Reached skill level 1 in Stealth
  1390 | D:2      | Reached skill level 1 in Shields
  1390 | D:2      | Reached skill level 1 in Unarmed Combat
  1390 | D:2      | Reached skill level 1 in Spellcasting
  1390 | D:2      | Reached skill level 1 in Evocations
  1924 | D:3      | Noticed a centaur
  1936 | D:3      | Shot with an arrow by a centaur

Illustrated notes

Levels and vault maps discovered:
D:1:      giann_horns, layout_basic, shapermc_ecumenical_altar_mp_ritualfount,
          chequers_serial_rivers_small_b
D:2:      layout_loops_corners, minmay_octomino_c4
D:3:      layout_rooms, nicolae_overflow_hidden_temple

Skill      XL: |  1  2  3 |
---------------+----------+-----
Invocations    | 1 |  1.1
Short Blades   | 1 |  1.0
Long Blades    | 1 |  1.0
Maces & Flails | 1 |  1.0
Polearms       | 1 |  1.0
Staves         | 1 |  1.0
Ranged Weapons | 1 |  1.0
Throwing       | 1 |  1.0
Stealth        | 1 |  1.0
Shields        | 1 |  1.0
Unarmed Combat | 1 |  1.0
Spellcasting   | 1 |  1.0
Evocations     | 1 |  1.0
Fighting       | |  6.5
Axes           | |  6.5
Armour         | |  4.6
Dodging        | |  4.6
Conjurations   | |  0.7
Hexes          | |  0.7
Summonings     | |  0.7
Necromancy     | |  0.7
Translocations | |  0.7
Fire Magic     | |  0.7
Ice Magic      | |  0.7
Air Magic      | |  0.7
Earth Magic    | |  0.7
Alchemy        | |  0.7
Shapeshifting  | |  0.9

Action                     || total
---------------------------++-------
  Melee: Hand axe          ||    69
         Bite              ||    17
         Dire flail        ||    55
 Invoke: Berserk           ||     2
         Trog's Hand       ||     1
 Armour: Animal skin       ||    12
         Leather armour    ||     4
         Chain mail        ||    59
  Dodge: Dodged            ||    71

Table legend: (Time is in decaauts)
 A = Elapsed time spent in this place.
 B = Non-inter-level travel time spent in this place.
 C = Inter-level travel time spent in this place.
 D = Time resting spent in this place.
 E = Time spent auto-exploring this place.
 F = Levels seen in this place.
 G = Mean time per level.
                   A        B        C        D        E       F      G
               +--------+--------+--------+--------+--------+-----+--------+
         Total |   1957 |   1887 |     70 |     52 |   1481 |   3 |  652.3 |
       Dungeon |   1957 |   1887 |     70 |     52 |   1481 |   3 |  652.3 |
               +--------+--------+--------+--------+--------+-----+--------+

Top non-repeatable levels by time:
     D:2: 994 daAuts
     D:1: 878 daAuts
     D:3: 84 daAuts
